 Dungeon Crawl Stone Soup version 0.17-a0-1105-gbe8b664 (webtiles) character file.

2346 Hanyuu the Martial Artist (level 9, -3/62 HPs)
             Began as an Octopode Transmuter on May 22, 2015.
             Was a Follower of Makhleb.
             Slain by a killer bee (4 damage)
             ... on level 7 of the Dungeon.
             The game lasted 00:20:51 (6415 turns).

Hanyuu the Martial Artist (Octopode Transmuter)     Turns: 6415, Time: 00:20:51

Health: -3/62      AC:  1    Str:  9      XL:     9   Next: 43%
Magic:  21/24      EV: 14    Int: 17 (19) God:    Makhleb [*.....]
Gold:   321        SH:  0    Dex: 12      Spells: 4 memorised, 6 levels left

rFire  . . .     SeeInvis .       - Unarmed
rCold  . . .     Clarity  +     (no shield)
rNeg   . . .     SustAb   .     (helmet restricted)
rPois  .         Gourm    .     A - amulet of clarity
rElec  .         Spirit   .     B - ring of magical power
rCorr  .         Warding  .     (no ring)
rMut   .         Stasis   .     (no ring)
MR     .....                    (no ring)
Stlth  ++........               (no ring)
                                (no ring)
                                (no ring)
                                (no ring)

@: lethally poisoned (-3 -> -10), appendage, very slightly contaminated, not
resistant to hostile enchantments, unstealthy
A: almost no armour, amphibious, 8 rings, constrict 8, tentacle spike 3,
camouflage 1, gelatinous body 1
a: End Transformation, Renounce Religion


You were on level 7 of the Dungeon.
You worshipped Makhleb.
Makhleb was aware of your devotion.
You were hungry.
One of your tentacles had a temporary spike.
You visited 2 branches of the dungeon, and saw 8 of its levels.

You collected 321 gold pieces.

Inventory:

Hand weapons
 a - a +0 hunting sling
Missiles
 d - 7 sling bullets of frost
 h - 32 arrows
 p - 12 sling bullets
 r - 44 poisoned needles
 t - 9 arrows of frost
 w - 4 tomahawks (quivered)
Magical staves
 u - an uncursed staff of wizardry
 y - an uncursed staff of earth
Jewellery
 A - an amulet of clarity (around mantle)
 B - a ring of magical power (left tentacle)
Magical devices
 e - a wand of lightning (9)
 g - a wand of frost (14)
 C - a wand of random effects (10)
Scrolls
 m - a scroll of immolation
 q - 6 scrolls of identify
 x - a scroll of teleportation
 D - a scroll of amnesia {unknown}
Potions
 f - 2 potions of curing
 i - 3 potions of poison
 k - a potion of degeneration
 n - a potion of resistance {unknown}
 o - a potion of cancellation
 s - a potion of agility
 v - a potion of brilliance {unknown}
 z - 2 potions of invisibility {unknown}
Books
 b - a book of Changes

   Spells                             Type                      Level
   a - Beastly Appendage              Transmutation                1
   b - Sticks to Snakes               Transmutation                2
   c - Spider Form                    Transmutation/Poison         3
   d - Ice Form                       Ice/Transmutation            4
   e - Blade Hands                    Transmutation                5
Comestibles
 c - 7 bread rations
 j - 3 beef jerkies
 l - 6 meat rations


   Skills:
 - Level 6.0 Fighting
 + Level 4.5 Dodging
 + Level 8.9 Unarmed Combat
 + Level 4.1 Spellcasting
 - Level 4.0 Transmutations


You had 6 spell levels left.
You knew the following spells:

 Your Spells              Type           Power        Failure   Level  Hunger
a - Beastly Appendage     Trmt           ###...       2%          1    None
b - Sticks to Snakes      Trmt           ###.......   4%          2    ##.....
c - Spider Form           Trmt/Pois      ##........   21%         3    ###....
d - Ice Form              Ice/Trmt       ##......     71%         4    ####...


Dungeon Overview and Level Annotations

Branches:
Dungeon (7/15)             Temple (1/1) D:5

Altars:
Ashenzari
Cheibriados
Dithmenos
Elyvilon
Fedhas
Gozag
Kikubaaqudgha
Makhleb
Nemelex Xobeh
Okawaru
Qazlal
Ru
Sif Muna
Trog
Vehumet
Xom
Yredelemnul

Shops:
D:6 (


Innate Abilities, Weirdness & Mutations

You cannot wear most types of armour.
You are amphibious.
You can wear up to eight rings at the same time.
You can use your tentacles to constrict eight enemies at once.
Your skin changes colour to match your surroundings (Stealth).
Your rubbery body absorbs attacks (AC +1).
One of your tentacles bears a large vicious spike.


Message History

The killer bee misses you. The killer bee closely misses you.
You miss the killer bee. Your grab misses the killer bee.
The killer bee is almost dead.
The killer bee closely misses you. The killer bee misses you.
The killer bee stings you!
* * * LOW HITPOINT WARNING * * *
You are poisoned.
The killer bee poisons you! The killer bee stings you.
* * * LOW HITPOINT WARNING * * *
Drink which item? (? for menu, Esc to quit)
It was a potion of degeneration.
There was something very wrong with that liquid.
You feel dopey.
You feel sick. The killer bee stings you!
* * * LOW HITPOINT WARNING * * *
You are more poisoned.
The killer bee poisons you!
The killer bee stings you but does no damage.
The killer bee stings you.
You die...

...... #.#####
....## .......
#...# ..../..
##.#.##.......
#.............
#.#..#y.......
#....#y#+#####
#..#.yy#.#
#..#..@#.#
....#...#.#
####.#...#[#
#.....#.######
#............#
##...>#......#
.....#.#.....^#
####.#.#......#
..#.#......#


You could see 4 killer bees.

Vanquished Creatures
  Pikel (D:4)
  Grinder (D:6)
  Menkaure (D:4)
  A sky beast (D:6)
  A water moccasin (D:6)
  Duvessa (D:4)
  A slave (D:4)
  4 ice beasts
  An ogre (D:4)
  A centaur (D:5)
  A giant frog (D:6)
  Dowan (D:4)
  A scorpion (D:6)
  2 crimson imps
  A giant frog skeleton (D:6)
  2 hounds
  Crazy Yiuf (D:3)
  Ijyb (D:2)
  2 orc priests (D:3)
  2 orc wizards
  2 worker ants (D:4)
  2 worker ant zombies (D:3)
  8 adders
  An ooze (D:6)
  2 adder skeletons (D:5)
  4 worms
  12 orcs
  4 giant cockroaches
  10 hobgoblins
  15 kobolds
  5 quokkas
  A ball python (D:4)
  15 bats
  4 giant newts
  8 goblins
  13 jackals
  A quokka skeleton (D:3)
  14 rats
148 creatures vanquished.

Vanquished Creatures (others)
  A kobold (D:4)
1 creature vanquished.

Grand Total: 149 creatures vanquished

Notes
Turn   | Place    | Note
--------------------------------------------------------------
     0 | D:1      | Hanyuu the Octopode Transmuter began the quest for the Orb.
     0 | D:1      | Reached XP level 1. HP: 13/13 MP: 3/3
   485 | D:1      | Reached XP level 2. HP: 18/18 MP: 5/5
   612 | D:2      | Noticed Ijyb
   620 | D:2      | Killed Ijyb
   620 | D:2      | Reached skill level 4 in Unarmed Combat
   620 | D:2      | Reached XP level 3. HP: 16/23 MP: 6/6
   630 | D:2      | Learned a level 2 spell: Sticks to Snakes
   634 | D:2      | Learned a level 3 spell: Spider Form
   718 | D:2      | Reached XP level 4. HP: 7/28 MP: 7/7
  1025 | D:2      | Reached skill level 5 in Unarmed Combat
  1683 | D:3      | Reached XP level 5. HP: 27/33 MP: 8/8
  2154 | D:3      | Reached skill level 6 in Unarmed Combat
  2154 | D:3      | Reached XP level 6. HP: 24/38 MP: 2/9
  2321 | D:3      | Noticed Crazy Yiuf
  2334 | D:3      | Killed Crazy Yiuf
  2784 | D:4      | Found an iron altar of Okawaru.
  2790 | D:4      | Noticed Menkaure
  2799 | D:4      | Killed Menkaure
  3084 | D:4      | Reached XP level 7. HP: 45/45 MP: 6/10
  3249 | D:4      | Learned a level 4 spell: Ice Form
  3283 | D:4      | Noticed Pikel
  3303 | D:4      | Killed Pikel
  3303 | D:4      | Reached skill level 7 in Unarmed Combat
  3303 | D:4      | Reached XP level 8. HP: 9/54 MP: 8/11
  3310 | D:4      | HP: 1/54 [kobold/club (6)]
  3614 | D:4      | Noticed Duvessa
  3615 | D:4      | Noticed Dowan
  3629 | D:4      | Killed Duvessa
  3633 | D:4      | Killed Dowan
  4143 | D:5      | Entered Level 5 of the Dungeon
  4267 | D:5      | Found a deep blue altar of Sif Muna.
  4332 | D:5      | Found a staircase to the Ecumenical Temple.
  4341 | Temple   | Entered the Ecumenical Temple
  4391 | Temple   | Became a worshipper of Makhleb the Destroyer
  4562 | D:5      | Reached skill level 5 in Fighting
  4562 | D:5      | Reached skill level 8 in Unarmed Combat
  4868 | D:5      | Found a stormy altar of Qazlal.
  4962 | D:6      | Noticed Grinder
  4979 | D:6      | Paralysed by Grinder for 7 turns
  4980 | D:6      | Killed Grinder
  4980 | D:6      | Reached XP level 9. HP: 59/61 MP: 13/13
  5595 | D:6      | Acquired Makhleb's first power
  5823 | D:6      | Found Bejeqyot's Antique Weapon Boutique.
  6098 | D:6      | Found an opulent altar of Gozag.
  6415 | D:7      | HP: 1/62 [killer bee (10)]
  6415 | D:7      | Slain by a killer bee

Vault maps used:
D:1:      lightli_arrival_boilingwater
D:2:      uniq_iyjb
D:3:      first_bread, serial_undead, serial_undead_e, serial_undead_f,
          serial_undead_b, serial_undead_a, uniq_crazy_yiuf_cottage
D:4:      okawaru_trees_2, uniq_duvessa, uniq_pikel, uniq_menkaure
D:5:      nicolae_qazlal_eye_of_the_storm, kennysheep_little_box,
          minmay_temple_entry_nine_rooms
D:6:      nicolae_overflow_hidden_temple, serial_shops, kennysheep_mini_moat,
          uniq_grinder
D:7:      minmay_thick_lines, serial_shops, nicolae_shop_trees
Temple:   water_room_temple_a_12

Action                   |  1- 3 |  4- 6 |  7- 9 || total
-------------------------+-------+-------+-------++-------
Melee: Unarmed           |    49 |   126 |   248 ||   423
 Fire: Hunting sling     |       |     6 |    11 ||    17
 Cast: Beastly Appendage |     2 |     6 |     4 ||    12
       Spider Form       |       |     2 |     9 ||    11
  Use: Potion            |     2 |     2 |     3 ||     7
       Scroll            |       |     1 |    11 ||    12
 Stab: Sleeping          |     1 |     4 |     7 ||    12
       Distracted        |       |     1 |       ||     1
  Eat: Chunk             |       |     8 |     8 ||    16
       Pizza             |       |       |     2 ||     2
